| TOP OF THE 1ST |
|
Arkansas Travelers batting - Pitching for Akron RubberDucks : RHP Kensaku Shiba
|
|
Pitching: RHP Kensaku Shiba
|
|
|
Batting: SHB Butch Brown
|
0-0: Ball 1-0: Fly out, F9 (Flyball, 89M, EV 88.1 MPH)
|
|
Batting: RHB Luis Romero
|
0-0: Ground out 5-3 (Groundball, 5S, EV 68.8 MPH)
|
|
Batting: LHB Justin Alexander
|
0-0: Ball 1-0: Called Strike 1-1: Foul Ball, location: 2F 1-2: Ground out U3 (Groundball, 34, EV 88.8 MPH)
|
| Top of the 1st over - 0 runs, 0 hits, 0 errors, 0 left on base; Arkansas 0 - Akron 0 |
| BOTTOM OF THE 1ST |
|
Akron RubberDucks batting - Pitching for Arkansas Travelers : RHP Bartholomeu Voivodic
|
|
Pitching: RHP Bartholomeu Voivodic
|
|
|
Batting: LHB Nick Welling
|
0-0: Called Strike 0-1: Ball 1-1: SINGLE (Groundball, 34D, EV 106.9 MPH)
|
|
Batting: SHB Arturo Baez
|
0-0: Ball 1-0: Foul Ball, location: 2F 1-1: Grounds into double play, 4-6-3 (Groundball, 4, EV 98.1 MPH)
|
|
Batting: RHB Carlos Abrego
|
0-0: Ground out U3 (Groundball, 3, EV 90.6 MPH)
|
| Bottom of the 1st over - 0 runs, 1 hit, 0 errors, 0 left on base; Arkansas 0 - Akron 0 |
| TOP OF THE 2ND |
|
Arkansas Travelers batting - Pitching for Akron RubberDucks : RHP Kensaku Shiba
|
|
Batting: RHB Jonathan Ellis
|
0-0: Ball 1-0: Fly out, F1 (Line Drive, P, EV 65.6 MPH)
|
|
Batting: RHB Mike Alm
|
0-0: Ball 1-0: Ball 2-0: Called Strike 2-1: Fly out, F8 (Flyball, 78S, EV 91.2 MPH)
|
|
Batting: LHB Barrfhionn O'Toole
|
0-0: Swinging Strike 0-1: Called Strike 0-2: Foul Ball, location: 2F 0-2: Strikes out swinging
|
| Top of the 2nd over - 0 runs, 0 hits, 0 errors, 0 left on base; Arkansas 0 - Akron 0 |
| BOTTOM OF THE 2ND |
|
Akron RubberDucks batting - Pitching for Arkansas Travelers : RHP Bartholomeu Voivodic
|
|
Batting: LHB Sam Ogg
|
0-0: Swinging Strike 0-1: Ball 1-1: Ball 2-1: Ball 3-1: Base on Balls
|
|
Batting: LHB Justin Rankin
|
0-0: Called Strike 0-1: Ball 1-1: Ball 2-1: Ball 3-1: Called Strike 3-2: Foul Ball, location: 2F 3-2: Foul Ball, location: 2F 3-2: Fielders Choice at 2nd, 5-4 (Groundball, 56, EV 86.2 MPH)
|
|
Batting: RHB Greg Harden
|
0-0: Ball 1-0: Called Strike 1-1: Ball 2-1: Ball 3-1: Called Strike 3-2: SINGLE (Groundball, 34, EV 83.8 MPH) (infield hit) Justin Rankin to second
|
|
Batting: RHB Adrian Martinelli
|
0-0: Ball 1-0: Ball 2-0: Ball 3-0: Called Strike 3-1: DOUBLE (Line Drive, 78XD, EV 108.8 MPH) Justin Rankin scores Greg Harden to third
|
|
Batting: LHB Yasuo Igarashi
|
0-0: Called Strike 0-1: Fly out, F9 (Flyball, 9, EV 93.1 MPH)
|
|
Batting: LHB Rich Walker
|
0-0: Ball 1-0: Ball 2-0: Swinging Strike 2-1: Fly out, F8 (Flyball, 8LD, EV 83.8 MPH)
|
| Bottom of the 2nd over - 1 run, 2 hits, 0 errors, 2 left on base; Arkansas 0 - Akron 1 |
| TOP OF THE 3RD |
|
Arkansas Travelers batting - Pitching for Akron RubberDucks : RHP Kensaku Shiba
|
|
Batting: RHB Ryan Pelletier
|
0-0: Ball 1-0: Ball 2-0: Called Strike 2-1: Foul Ball, location: 2F 2-2: Strikes out looking
|
|
Batting: RHB Jose Ramirez
|
0-0: Called Strike 0-1: Foul Ball, location: 2F 0-2: Ball 1-2: Strikes out looking
|
|
Batting: RHB Timoleon Tsikouna
|
0-0: Called Strike 0-1: Foul Ball, location: 2F 0-2: SINGLE (Flyball, 9LS, EV 89.4 MPH) - OUT at second base trying to stretch hit.
|
| Top of the 3rd over - 0 runs, 1 hit, 0 errors, 0 left on base; Arkansas 0 - Akron 1 |
| BOTTOM OF THE 3RD |
|
Akron RubberDucks batting - Pitching for Arkansas Travelers : RHP Bartholomeu Voivodic
|
|
Batting: LHB Nick Welling
|
0-0: Called Strike 0-1: Ball 1-1: Ball 2-1: Called Strike 2-2: Strikes out swinging
|
|
Batting: SHB Arturo Baez
|
0-0: Ball 1-0: Foul Ball, location: 2F 1-1: Ball 2-1: Ball 3-1: Bunt for hit to 25 - play at first, batter safe!
|
|
Batting: RHB Carlos Abrego
|
0-0: Hit by Pitch Arturo Baez to second
|
|
Batting: LHB Sam Ogg
|
0-0: Ball 1-0: Foul Ball, location: 2F 1-1: Foul Ball, location: 2F 1-2: 3-RUN HOME RUN (Flyball, 7D, EV 96.9 MPH), Distance : 362 ft
|
|
Batting: LHB Justin Rankin
|
0-0: Ball 1-0: Ball 2-0: Foul Ball, location: 2F 2-1: Swinging Strike 2-2: Ball 3-2: Foul Ball, location: 2F 3-2: Strikes out looking
|
|
Batting: RHB Greg Harden
|
0-0: Fly out, F9 (Flyball, 9LS, EV 87.5 MPH)
|
| Bottom of the 3rd over - 3 runs, 2 hits, 0 errors, 0 left on base; Arkansas 0 - Akron 4 |
| TOP OF THE 4TH |
|
Arkansas Travelers batting - Pitching for Akron RubberDucks : RHP Kensaku Shiba
|
|
Batting: SHB Butch Brown
|
0-0: Ball 1-0: Called Strike 1-1: Ground out 5-3 (Groundball, 56, EV 89.4 MPH)
|
|
Batting: RHB Luis Romero
|
0-0: Ball 1-0: Called Strike 1-1: Ground out 3-1 (Groundball, 34, EV 93.1 MPH)
|
|
Batting: LHB Justin Alexander
|
0-0: Foul Ball, location: 2F 0-1: Called Strike 0-2: Ball 1-2: Fly out, F7 (Flyball, 7LD, EV 109.4 MPH)
|
| Top of the 4th over - 0 runs, 0 hits, 0 errors, 0 left on base; Arkansas 0 - Akron 4 |
| BOTTOM OF THE 4TH |
|
Akron RubberDucks batting - Pitching for Arkansas Travelers : RHP Bartholomeu Voivodic
|
|
Batting: RHB Adrian Martinelli
|
0-0: Called Strike 0-1: Ground out 4-3 (Groundball, 4, EV 94.4 MPH)
|
|
Batting: LHB Yasuo Igarashi
|
0-0: Called Strike 0-1: Swinging Strike 0-2: Ball 1-2: Ball 2-2: Ground out 4-3 (Groundball, 4, EV 91.9 MPH)
|
|
Batting: LHB Rich Walker
|
0-0: Called Strike 0-1: Foul Ball, location: 2F 0-2: Foul Ball, location: 2F 0-2: Ball 1-2: Strikes out swinging
|
| Bottom of the 4th over - 0 runs, 0 hits, 0 errors, 0 left on base; Arkansas 0 - Akron 4 |
| TOP OF THE 5TH |
|
Arkansas Travelers batting - Pitching for Akron RubberDucks : RHP Kensaku Shiba
|
|
Batting: RHB Jonathan Ellis
|
0-0: SOLO HOME RUN (Flyball, 89XD, EV 103.1 MPH), Distance : 417 ft
|
|
Batting: RHB Mike Alm
|
0-0: Foul Ball, location: 2F 0-1: Ground out 4-3 (Groundball, 4M, EV 78.8 MPH)
|
|
Batting: LHB Barrfhionn O'Toole
|
0-0: Called Strike 0-1: Ground out U3 (Groundball, 3, EV 103.1 MPH)
|
|
Batting: RHB Ryan Pelletier
|
0-0: Called Strike 0-1: Ground out U3 (Groundball, 13, EV 84.4 MPH)
|
| Top of the 5th over - 1 run, 1 hit, 0 errors, 0 left on base; Arkansas 1 - Akron 4 |
| BOTTOM OF THE 5TH |
|
Akron RubberDucks batting - Pitching for Arkansas Travelers : RHP Bartholomeu Voivodic
|
|
Batting: LHB Nick Welling
|
0-0: Called Strike 0-1: Fly out, F7 (Line Drive, 7, EV 95.0 MPH)
|
|
Batting: SHB Arturo Baez
|
0-0: Foul Ball, location: 2F 0-1: Ball 1-1: Swinging Strike 1-2: Foul Ball, location: 2F 1-2: Ball 2-2: Ground out 5-3 (Groundball, 56S, EV 80.0 MPH)
|
|
Batting: RHB Carlos Abrego
|
0-0: Ball 1-0: Called Strike 1-1: Foul Ball, location: 2F 1-2: Ball 2-2: Foul Ball, location: 2F 2-2: Foul Ball, location: 2F 2-2: Ground out 6-3 (Groundball, 4MS, EV 89.4 MPH)
|
| Bottom of the 5th over - 0 runs, 0 hits, 0 errors, 0 left on base; Arkansas 1 - Akron 4 |
| TOP OF THE 6TH |
|
Arkansas Travelers batting - Pitching for Akron RubberDucks : RHP Kensaku Shiba
|
|
Batting: RHB Jose Ramirez
|
0-0: Swinging Strike 0-1: Foul Ball, location: 2F 0-2: Strikes out looking
|
|
Batting: RHB Timoleon Tsikouna
|
0-0: Called Strike 0-1: Foul Ball, location: 2F 0-2: Foul Ball, location: 2F 0-2: Strikes out swinging
|
|
Batting: SHB Butch Brown
|
0-0: Foul Ball, location: 2F 0-1: Foul Ball, location: 2F 0-2: Strikes out looking
|
| Top of the 6th over - 0 runs, 0 hits, 0 errors, 0 left on base; Arkansas 1 - Akron 4 |
| BOTTOM OF THE 6TH |
|
Akron RubberDucks batting - Pitching for Arkansas Travelers : RHP Bartholomeu Voivodic
|
|
Batting: LHB Sam Ogg
|
0-0: Ball 1-0: Foul Ball, location: 2F 1-1: Fly out, F8 (Flyball, 89S, EV 80.6 MPH)
|
|
Pitching: RHP Eddie Garabito
|
|
|
Batting: LHB Justin Rankin
|
0-0: Swinging Strike 0-1: Ball 1-1: Ball 2-1: Swinging Strike 2-2: Foul Ball, location: 2F 2-2: Strikes out swinging, 2-3 out at first.
|
|
Batting: RHB Greg Harden
|
0-0: Ground out 6-3 (Groundball, 6, EV 80.6 MPH)
|
| Bottom of the 6th over - 0 runs, 0 hits, 0 errors, 0 left on base; Arkansas 1 - Akron 4 |
| TOP OF THE 7TH |
|
Arkansas Travelers batting - Pitching for Akron RubberDucks : RHP Kensaku Shiba
|
|
Batting: RHB Luis Romero
|
0-0: Foul Ball, location: 2F 0-1: Foul Ball, location: 2F 0-2: Strikes out looking
|
|
Batting: LHB Justin Alexander
|
0-0: Called Strike 0-1: Foul Ball, location: 2F 0-2: Ball 1-2: Ball 2-2: Ball 3-2: Reached on error, E9 (Flyball, 9, EV 86.9 MPH)
|
|
Batting: RHB Jonathan Ellis
|
0-0: Ball Justin Alexander steals 2nd base 1-0: Called Strike 1-1: Fly out, F8 (Flyball, 8RD, EV 95.6 MPH)
|
|
Batting: RHB Mike Alm
|
0-0: Called Strike 0-1: Swinging Strike 0-2: Strikes out swinging
|
| Top of the 7th over - 0 runs, 0 hits, 1 error, 1 left on base; Arkansas 1 - Akron 4 |
| BOTTOM OF THE 7TH |
|
Akron RubberDucks batting - Pitching for Arkansas Travelers : RHP Eddie Garabito
|
|
Batting: RHB Adrian Martinelli
|
0-0: Ball 1-0: Called Strike 1-1: Ball 2-1: Ball 3-1: Base on Balls
|
|
Batting: LHB Yasuo Igarashi
|
0-0: Ball 1-0: Swinging Strike 1-1: Called Strike 1-2: Strikes out swinging
|
|
Batting: LHB Rich Walker
|
0-0: Called Strike Adrian Martinelli steals 2nd, throwing error, E2 Adrian Martinelli to third Balk! Adrian Martinelli scores 0-1: Called Strike 0-2: Strikes out swinging
|
|
Batting: LHB Nick Welling
|
0-0: Swinging Strike 0-1: Ball 1-1: Fly out, F4 (Line Drive, 4, EV 74.4 MPH)
|
| Bottom of the 7th over - 1 run, 0 hits, 1 error, 0 left on base; Arkansas 1 - Akron 5 |
| TOP OF THE 8TH |
|
Arkansas Travelers batting - Pitching for Akron RubberDucks : RHP Kensaku Shiba
|
|
Batting: LHB Barrfhionn O'Toole
|
0-0: Called Strike 0-1: Ball 1-1: Swinging Strike 1-2: Strikes out swinging
|
|
Batting: RHB Ryan Pelletier
|
0-0: Ball 1-0: Called Strike 1-1: Ball 2-1: Ball 3-1: Swinging Strike 3-2: Strikes out swinging
|
|
Batting: RHB Jose Ramirez
|
0-0: Ball 1-0: Ball 2-0: Ground out 4-3 (Groundball, 4, EV 80.6 MPH)
|
| Top of the 8th over - 0 runs, 0 hits, 0 errors, 0 left on base; Arkansas 1 - Akron 5 |
| BOTTOM OF THE 8TH |
|
Akron RubberDucks batting - Pitching for Arkansas Travelers : RHP Eddie Garabito
|
|
Batting: SHB Arturo Baez
|
0-0: Ball 1-0: Ball 2-0: Called Strike 2-1: Foul Ball, location: 2F 2-2: Ground out 4-3 (Groundball, 4S, EV 72.5 MPH)
|
|
Batting: RHB Carlos Abrego
|
0-0: Swinging Strike 0-1: Called Strike 0-2: Foul Ball, location: 2F 0-2: Ground out 5-3 (Groundball, 56S, EV 72.5 MPH)
|
|
Batting: LHB Sam Ogg
|
0-0: Ball 1-0: SOLO HOME RUN (Flyball, 9LD, EV 95.6 MPH), Distance : 358 ft
|
|
Batting: LHB Justin Rankin
|
0-0: Swinging Strike 0-1: Foul Ball, location: 2F 0-2: Ball 1-2: Ground out 4-3 (Groundball, 34, EV 86.9 MPH)
|
| Bottom of the 8th over - 1 run, 1 hit, 0 errors, 0 left on base; Arkansas 1 - Akron 6 |
| TOP OF THE 9TH |
|
Arkansas Travelers batting - Pitching for Akron RubberDucks : RHP Kensaku Shiba
|
|
Batting: RHB Timoleon Tsikouna
|
0-0: Called Strike 0-1: Ball 1-1: Fly out, F8 (Line Drive, 8RM, EV 104.4 MPH)
|
|
Batting: SHB Butch Brown
|
0-0: Swinging Strike 0-1: Ball 1-1: Ball 2-1: Swinging Strike 2-2: Strikes out swinging
|
|
Batting: RHB Luis Romero
|
0-0: Called Strike 0-1: Swinging Strike 0-2: Ball 1-2: Ball 2-2: Ball 3-2: Foul Ball, location: 2F 3-2: Strikes out looking
|
| Top of the 9th over - 0 runs, 0 hits, 0 errors, 0 left on base; Arkansas 1 - Akron 6 |
|